 Seeded DCSS version 0.29.1-12-g30fa7ad0bf (webtiles) character file.

Game seed: 3467139861098030199 (custom seed)

92 purpskrrrp the Covered (level 4, -6/37 HPs)
             Began as a Formicid Fighter on Jan 13, 2023.
             Was a Follower of Vehumet.
             Splashed by a jelly's acid (10 damage)
             ... on level 4 of the Dungeon.
             The game lasted 00:03:04 (2157 turns).

purpskrrrp the Covered (Formicid Fighter)           Turns: 2157, Time: 00:03:07

Health: -6/37      AC:  0    Str: 22    XL:     4   Next: 90%
Magic:  4/4        EV:  9    Int:  8    God:    Vehumet [*.....]
Gold:   142        SH:  5    Dex: 13    Spells: 3/3 levels left

rFire   + . .      SeeInvis +   a - +0 war axe
rCold   . . .      Faith    .   c - +0 buckler
rNeg    . . .      Spirit   .   b - +0 scale mail
rPois   .          Reflect  .   (helmet unavailable)
rElec   .          Harm     .   (no cloak)
rCorr   .          Rampage  .   (no gloves)
Will    .....                   (no boots)
Stlth   ..........              (no amulet)
HPRegen 0.12/turn               u - ring of protection from fire
MPRegen 0.09/turn               (no ring)

@: mighty, corroded
A: permanent stasis, dig shafts and tunnels, antennae 3, four strong arms
a: Dig, Shaft Self, Renounce Religion


You were on level 4 of the Dungeon.
You worshipped Vehumet.
Vehumet was aware of your devotion.
You visited 1 branch of the dungeon, and saw 4 of its levels.

You collected 142 gold pieces.

Inventory:

Hand Weapons
 a - a +0 war axe (weapon)
Missiles
 i - 6 boomerangs of dispersal
 r - 5 boomerangs
Armour
 b - a +0 scale mail (worn)
 c - a +0 buckler (worn)
Jewellery
 u - a ring of protection from fire (left hand)
Scrolls
 l - 2 scrolls of poison {unknown}
 m - 2 scrolls of fear {unknown}
 n - 4 scrolls of identify {unknown}
 o - a scroll of silence {unknown}
 q - a scroll of vulnerability {unknown}
 t - a scroll of teleportation {unknown}
 v - a scroll of brand weapon {unknown}
Potions
 d - a potion of might
 e - a potion of heal wounds {unknown}
 f - a potion of haste {unknown}
 g - a potion of attraction {unknown}
 h - 2 potions of curing {unknown}
 j - a potion of brilliance {unknown}
 k - a potion of berserk rage {unknown}
 p - a potion of lignification {unknown}
 s - 2 potions of invisibility {unknown}


   Skills:
 + Level 4.2 Fighting
 - Level 2.1 Axes
 * Level 5.0 Armour
 - Level 4.1 Shields


You had 3 spell levels left.
You didn't know any spells.
Your spell library contained the following spells:

 Spells                   Type           Power      Damage    Failure   Level
 Freeze                   Ice            0%         1d3       80%         1
 Gell's Gravitas          Tloc           0%         N/A       99%         3
 Ignite Poison            Fire/Tmut/Pois 0%         N/A       99%         3
 Mephitic Cloud           Conj/Pois/Air  0%         N/A       99%         3
 Portal Projectile        Hex/Tloc       0%         N/A       99%         3
 Teleport Other           Tloc           0%         N/A       99%         3
 Tukima's Dance           Hex            0%         N/A       99%         3
 Blade Hands              Tmut           0%         N/A       100%        5
 Freezing Cloud           Conj/Ice/Air   0%         6-21      100%        5
 Dispersal                Tloc           0%         N/A       100%        6


Dungeon Overview and Level Annotations

Branches:
Dungeon (3/15)

Altars:
Ru
Vehumet

Shops:
D:2 [


Innate Abilities, Weirdness & Mutations

You cannot be hasted, slowed, berserked, paralysed or teleported.
You can dig through walls and to a lower floor.
You have a pair of large antennae on your head. (SInv)
Your four strong arms can wield two-handed weapons with a shield.


Message History

Your Armour skill increases to level 5!
You feel sick.
You see here an adder corpse.
You feel sick.
You feel sick.
You feel sick.
You are no longer poisoned.
A jelly is nearby!
A jelly is nearby!
A jelly is nearby!
The jelly quivers.
The jelly hits you but does no damage.
You slash the jelly! The acid corrodes you!
Your hands burn!
The jelly is severely wounded.
The jelly hits you.
You are splashed with acid!
You are too injured to fight recklessly!
You are too injured to fight recklessly!
You are too injured to fight recklessly!
You are too injured to fight recklessly!
You are too injured to fight recklessly!
You are too injured to fight recklessly!
You are too injured to fight recklessly!
You are too injured to fight recklessly!
You are too injured to fight recklessly!
You are too injured to fight recklessly!
You are too injured to fight recklessly!
You are too injured to fight recklessly!
You are too injured to fight recklessly!
You are too injured to fight recklessly!
You are too injured to fight recklessly!
You feel very mighty all of a sudden. The jelly hits you.
You are splashed with acid!
* * * LOW HITPOINT WARNING * * *
You hit the jelly. The acid corrodes you!
Your hands burn!
* * * LOW HITPOINT WARNING * * *
The jelly is almost dead.
The jelly hits you.
* * * LOW HITPOINT WARNING * * *
You are splashed with acid!
You die...

#.# #.# .# #.#
... #.# #.# #.#
#.# #.# #.# #.#
# #.# #.#
#.#####.# #.#
#.J@.†..# #.#
#######.# #.#
#.#
#.###########.#
#.............#
#.#############
###


You could see a jelly.

Vanquished Creatures
  4 adders
  4 dart slugs
  5 bats
  An endoplasm (D:3)
  4 giant cockroaches (D:1)
  3 goblins
  4 hobgoblins
  6 quokkas
  3 ball pythons
  5 frilled lizards
  5 kobolds
  7 rats
51 creatures vanquished.

Notes
Turn   | Place    | Note
-------+----------+-------------------------------------------
     0 | D:1      | purpskrrrp the Formicid Fighter began the quest for the
                  | Orb.
     0 | D:1      | Reached XP level 1. HP: 18/18 MP: 1/1
   231 | D:1      | Reached XP level 2. HP: 24/24 MP: 2/2
   408 | D:1      | Reached XP level 3. HP: 28/29 MP: 3/3
   414 | D:1      | Reached skill level 4 in Armour
   786 | D:1      | Found a faded altar of an unknown god.
   991 | D:1      | Prayed at the altar of an unknown god.
   991 | D:1      | Became a worshipper of Vehumet
   991 | D:1      | Reached * piety under Vehumet
   991 | D:1      | Offered knowledge of Freeze by Vehumet.
  1315 | D:2      | Found Kateynok's Antique Armour Boutique.
  1391 | D:2      | Reached XP level 4. HP: 37/37 MP: 4/4
  1933 | D:3      | Found a sacrificial altar of Ru.
  2022 | D:3      | You fall into a shaft and drop 1 floor!
  2087 | D:4      | Reached skill level 5 in Armour
  2157 | D:4      | Splashed by a jelly's acid

Illustrated notes

Levels and vault maps discovered:
D:1:      dpeg_arrival_signposts, layout_rooms,
          shapermc_ecumenical_altar_mp_highgroup
D:2:      layout_loops_cross, serial_shops, shop
D:3:      layout_rooms, pf_just_have_faith, serial_park_tiny_pond
D:4:      layout_basic, minmay_misc_feat_tower, minmay_checkerbox

Skill      XL: |  1  2  3  4 |
---------------+-------------+-----
Armour         | 4 5 |  5.0
Fighting       | 4 |  4.2
Axes           | |  2.1
Shields        | |  4.1

Action                   |  1- 3 |  4- 6 || total
-------------------------+-------+-------++-------
Melee: War axe           |    85 |    40 ||   125
  Use: Potion            |       |     1 ||     1
Armor: Scale mail        |    46 |    13 ||    59
Dodge: Dodged            |    39 |    15 ||    54
Block: Buckler           |    34 |     8 ||    42
